 Dungeon Crawl Stone Soup version 0.24.0-29-g8ce449bc06 (webtiles) character file.

Game seed: 6222777782912640456, levelgen mode: deterministic

55 Delamore the Chopper (level 3, -6/31 HPs)
             Began as a Hill Orc Fighter on Nov 14, 2019.
             Was an Initiate of Okawaru.
             Mangled by Sigmund
             ... wielding a +0 scythe
              (8 damage)
             ... on level 2 of the Dungeon.
             The game lasted 00:01:34 (1096 turns).

Delamore the Chopper (Hill Orc Fighter)             Turns: 1096, Time: 00:01:35

Health: -6/31      AC:  6    Str: 24    XL:     3   Next: 93%
Magic:  3/3        EV:  7    Int:  8    God:    Okawaru [......]
Gold:   133        SH:  9    Dex: 10    Spells: 2/2 levels left

rFire    . . .     SeeInvis .   a - +0 war axe
rCold    . . .     Gourm    .   c - +0 shield
rNeg     . . .     Faith    .   b - +0 scale mail
rPois    .         Spirit   .   (no helmet)
rElec    .         Reflect  .   (no cloak)
rCorr    .         Harm     .   (no gloves)
MR       .....                  (no boots)
Stlth    ..........             (no amulet)
HPRegen  0.10/turn              (no ring)
MPRegen  0.08/turn              (no ring)

@: mighty
A: no striking features
a: Renounce Religion


You were on level 2 of the Dungeon.
You worshipped Okawaru.
Okawaru was noncommittal.
You were not hungry.

You visited 1 branch of the dungeon, and saw 2 of its levels.

You collected 133 gold pieces.

Inventory:

Hand Weapons
 a - a +0 war axe (weapon)
Armour
 b - a +0 scale mail (worn)
 c - a +0 shield (worn)
Scrolls
 e - a scroll of noise {unknown}
 g - a scroll of blinking {unknown}
 h - 2 scrolls of fear {unknown}
 i - a scroll of enchant weapon {unknown}
 j - a scroll of identify {unknown}
 k - 3 scrolls of teleportation {unknown}
 l - a scroll of fog {unknown}
Comestibles
 f - 3 rations
 m - a chunk of flesh


   Skills:
 - Level 3.6 Fighting
 + Level 5.5 Axes
 - Level 3.2 Armour
 - Level 3.2 Shields


You had 2 spell levels left.
You didn't know any spells.
Your spell library was empty.

Dungeon Overview and Level Annotations

Branches:
Dungeon (2/15)

Altars:
Okawaru

Annotations:
D:2 Sigmund


Message History

Sigmund is heavily wounded.
Sigmund gestures at you while chanting.
You are confused.
Sigmund mumbles some strange words.
Sigmund flickers and vanishes!
Deactivating autopickup; reactivate with Ctrl-A.
You feel very mighty all of a sudden. Something hits you!
* * * LOW HITPOINT WARNING * * *
You're too confused to attack without stumbling around!
You're too confused to attack without stumbling around!
You're too confused to attack without stumbling around!
Something completely misses you. Something hits you.
* * * LOW HITPOINT WARNING * * *
You closely miss something.
You feel less confused. Something hits you but does no damage.
You miss something. Something hits you!
You die...

....#..# .. ..# #.#....#
#..#.# .# #.#......##
#..#.# .#
#......#.##.#..#.###.#
###.#.##... .........#
#.#.# ##.. ......##
#.... ..?.###.#?..#
###+## #...{....<###
##...## #.###@......#
##>....## #. ##.......#
##.......###.##........#
#...(.....##.#.......###
'÷........+.....(....#
#÷........##.......###
##.......######..###
##.....## ##.# ##...##
#.#


There were no monsters in sight!

Vanquished Creatures
  An adder (D:2)
  A worm (D:2)
  A leopard gecko (D:1)
  A giant cockroach (D:2)
  A hobgoblin (D:1)
  8 jackals (D:1)
  7 bats
  2 frilled lizards (D:2)
  8 goblins
  6 kobolds
  7 rats
43 creatures vanquished.

Notes
Turn   | Place    | Note
-------+----------+-------------------------------------------
     0 | D:1      | Delamore the Hill Orc Fighter began the quest for the Orb.
     0 | D:1      | Reached XP level 1. HP: 19/19 MP: 1/1
    83 | D:1      | Reached skill level 3 in Axes
   119 | D:1      | Reached XP level 2. HP: 25/26 MP: 2/2
   236 | D:1      | Reached skill level 4 in Axes
   594 | D:1      | Reached XP level 3. HP: 31/31 MP: 3/3
   659 | D:1      | Found an iron altar of Okawaru.
   671 | D:1      | Became a worshipper of Warmaster Okawaru
   823 | D:2      | Reached skill level 5 in Axes
  1075 | D:2      | Noticed Sigmund
  1096 | D:2      | Mangled by Sigmund

Levels and vault maps discovered:
D:1:      minmay_arrival_hallway, layout_loops_ring, okawaru_ov_weapons_minmay
D:2:      layout_loops_corners, uniq_sigmund

Skill      XL: |  1  2  3 |
---------------+----------+-----
Axes           | 3 4 5 |  5.5
Fighting       | |  3.6
Armour         | |  3.2
Shields        | |  3.2

Action                   || total
-------------------------++-------
Melee: War axe           ||   146
  Use: Potion            ||     1
  Eat: Chunk             ||     1
Armor: Scale mail        ||    74
Dodge: Dodged            ||    50
Block: Shield            ||    80
